 Seeded DCSS version 0.28.0-47-ge53b351184 (webtiles) character file.

Game seed: 523019199727972820 (custom seed)

41846 thiscave3701365 the Executioner (level 13, -2/119 HPs)
             Began as a Minotaur Berserker on May 10, 2022.
             Was a High Priest of Trog.
             Shot with an arrow by Nessos (3 damage)
             ... on level 4 of the Lair of Beasts.
             The game lasted 00:21:00 (23140 turns).

thiscave3701365 the Executioner (MiBe)             Turns: 23140, Time: 00:21:00

Health: -2/119     AC: 29    Str: 29    XL:     13   Next: 82%
Magic:  21/21      EV:  7    Int:  4    God:    Trog [*****.]
Gold:   957        SH:  0    Dex: 12    Spells: 12/12 levels left

rFire   . . .      SeeInvis .   n - +8 frozen axe "Frostbite" {freezing cloud, *Noise Fly rC+}
rCold   + . .      Faith    .   (shield currently unavailable)
rNeg    . . .      Spirit   .   x - +0 crystal plate armour
rPois   .          Reflect  .   (helmet restricted)
rElec   .          Harm     .   C - +0 cloak
rCorr   .          Rampage  +   J - +2 pair of gloves "Dethradghoan" {Rampage Regen+ MP+9 Str+4}
Will    .....                   B - +0 pair of boots
Stlth   ..........              y - amulet of regeneration
HPRegen 1.89/turn               (no ring)
MPRegen 0.17/turn               (no ring)

@: lethally poisoned (-2 -> -26), about to teleport, flying
A: horns 2, retaliatory headbutt
a: Renounce Religion, Berserk, Trog's Hand, Brothers in Arms


You were on level 4 of the Lair of Beasts.
You worshipped Trog.
Trog was extremely pleased with you.
You visited 2 branches of the dungeon, and saw 15 of its levels.

You collected 957 gold pieces.

Inventory:

Hand Weapons
 n - the +8 frozen axe "Frostbite" (weapon) {freezing cloud, *Noise Fly rC+}
   (You acquired it on level 6 of the Dungeon)

   It freezes those it strikes, dealing additional cold damage.
   It can also slow down cold-blooded creatures.
   It occasionally leaves clouds of freezing vapour upon striking a foe.
   It grants immunity to clouds of freezing vapour.
   rC:        It protects you from cold.
   Fly:       It grants you flight.
   *Noise:    It may make noises in combat.
 K - the +8 mace of Gayrchemu {flame, rPois}
   (You found it on level 2 of the Lair of Beasts)

   It burns those it strikes, dealing additional fire damage.
   rPois:     It protects you from poison.
Missiles
 i - 2 throwing nets
Armour
 x - a +0 crystal plate armour (worn)
 B - a +0 pair of boots (worn)
 C - a +0 cloak (worn)
 J - the +2 pair of gloves "Dethradghoan" (worn) {Rampage Regen+ MP+9 Str+4}
   (You found it on level 2 of the Lair of Beasts)

   Str:       It affects your strength (+4).
   MP:        It affects your magic capacity (+9).
   Regen:     It increases your rate of health regeneration.
   Rampage:   It bestows one free step when moving towards enemies.
Jewellery
 y - an amulet of regeneration (around neck)
 E - the ring "Juneag" {rPois MP+9}
   (You found it on level 3 of the Lair of Beasts)

   [ring of magical power]

   rPois:     It protects you from poison.
   MP:        It affects your magic capacity (+9).
 M - an amulet of reflection
Wands
 g - a wand of charming (4)
 k - a wand of paralysis (9)
 r - a wand of mindburst (12)
 s - a wand of polymorph (1)
 w - a wand of flame (27)
 z - a wand of iceblast (8)
 D - a wand of acid (6)
Scrolls
 c - a scroll of fog
 e - a scroll of teleportation
 j - 2 scrolls of immolation
 l - 5 scrolls of identify
 m - 2 scrolls of blinking
 o - a scroll of vulnerability
 u - 2 scrolls of summoning
 G - 2 scrolls of noise {unknown}
 I - 3 scrolls of fear
Potions
 a - 3 potions of cancellation
 b - a potion of lignification
 d - 2 potions of berserk rage
 f - 3 potions of curing
 h - a potion of resistance
 p - 2 potions of invisibility
 q - a potion of might
 t - a potion of heal wounds
 A - a potion of mutation
 H - a potion of attraction {unknown}
 L - 3 potions of degeneration {unknown}
 N - a potion of experience {unknown}
Miscellaneous
 v - a piece from Xom's chessboard (15/15)
 F - a condenser vane


   Skills:
 + Level 12.7 Fighting
 + Level 21.6 Axes
 + Level 13.9 Armour
 + Level 2.9 Dodging
 + Level 1.2 Stealth


You had 12 spell levels left.
You didn't know any spells.
Your spell library was empty.

Dungeon Overview and Level Annotations

Branches:
Dungeon (11/15)            Temple (0/1) D:4            Lair (4/6) D:10
  Swamp (0/4) Lair:2        Snake (0/4) Lair:3
    Orc: D:9-12

Altars:
Ashenzari
Nemelex Xobeh

Shops:
D:7 *

Annotations:
D:9 1 runed translucent door, reversiblehash's ghost, novice GnFi
Lair:4 Nessos


Innate Abilities, Weirdness & Mutations

You have a pair of horns on your head.
You reflexively headbutt those who attack you in melee.


Message History

You feel extremely sick.
Nessos shoots an arrow.
The arrow hits you but does no damage.
Nessos shoots an arrow.
The arrow barely misses you.
You feel very sick.
Nessos casts a spell.
Nessos blinks!
Nessos shoots an arrow.
The arrow hits you but does no damage.
Okay, then.
You feel very sick.
Nessos gestures wildly while chanting.
Nessos blinks!
You feel very sick.
You feel very sick.
Things that are here:
a yak corpse; a yak corpse You feel very sick.
You see here a yak corpse.
You start resting.
You feel sick.
Nessos shoots an arrow.
The arrow hits you!
* * * LOW HITPOINT WARNING * * *
The arrow burns you!
You are more poisoned.
* * * LOW HITPOINT WARNING * * *
There is a lethal amount of poison in your body!
There is a lethal amount of poison in your body!
There is a lethal amount of poison in your body!
Okay, then.
You feel much better.
You feel very sick.
Nessos shoots an arrow.
The arrow completely misses you.
As you read the scroll of teleportation, it crumbles to dust.
You feel strangely unstable.
You feel very sick.
Nessos shoots an arrow.
The arrow hits you!
* * * LOW HITPOINT WARNING * * *
The arrow burns you.
* * * LOW HITPOINT WARNING * * *
Nessos shoots an arrow.
The arrow hits you!
* * * LOW HITPOINT WARNING * * *
The arrow burns you.
You are more poisoned.
You die...

###.....##
##.......#.##....
#.......##
#.....########...
##...$...# ###..## #...
#...§...######..## ##P.
#.........#.##...# #..
##...............#######
###
.............#c.#.......
............###†.........
.##........#.#@†........#
##...c..###...........#
.#.....# #............
≈≈≈≈.. #............#
....................#
###............#
..........##...
#.....(..## ...
#.#.##.... #.


You could see Nessos (fast).

Vanquished Creatures
  Josephine (D:10)
  Fannar (Lair:1)
  7 hydras
  A two-headed ogre (D:8)
  Erica (D:10)
  A tengu warrior (D:11)
  Urug (D:10)
  Nergalle (D:10)
  Sonja (Lair:4)
  A necromancer (Lair:2)
  2 cyclopes (D:11)
  An ugly thing (D:11)
  7 black mambas
  Joseph (Lair:1)
  A torpor snail (Lair:3)
  4 cane toads
  7 komodo dragons
  A rime drake (Lair:2)
  A troll (D:10)
  Grinder (D:5)
  A hornet (D:9)
  22 blink frogs
  2 shadows
  3 wraiths (D:10)
  2 wyverns (Lair:3)
  72 yaks
  2 steam dragons
  4 vampire mosquitoes (D:11)
  Menkaure (D:5)
  A basilisk (Lair:2)
  2 acid dragons
  3 nagas (Lair:3)
  7 water moccasins
  4 orc warriors
  3 black bears
  A sky beast (D:7)
  22 wolves
  A necrophage (D:6)
  4 ogres
  3 centaurs
  A phantom (D:4)
  2 kobold brigands
  The ghost of nickcage the Magician, an amateur DEAE (D:3)
  10 bullfrogs
  A wyvern zombie (D:6)
  4 scorpions
  A wyvern skeleton (D:6)
  5 killer bees (D:9)
  9 wights
  A howler monkey (D:4)
  2 electric eels (Lair:2)
  4 centaur zombies
  4 orc priests
  2 gnoll shamans
  A jelly (D:6)
  10 hounds
  5 iguanas
  9 orc wizards
  Ijyb (D:4)
  4 polar bear simulacra (Lair:2)
  2 wolf simulacra (Lair:2)
  3 yak simulacra (Lair:2)
  A hound zombie (D:5)
  A hound skeleton (D:4)
  6 gnolls
  A howler monkey zombie (D:9)
  8 adders
  A hound simulacrum (D:3)
  A white imp (D:7)
  An ufetubus (D:5)
  An adder skeleton (D:4)
  3 worms
  A dart slug (D:4)
  An adder simulacrum (D:3)
  27 orcs
  12 endoplasms
  3 giant cockroaches
  4 goblins
  5 hobgoblins
  6 quokkas
  8 ball pythons
  A ball python simulacrum (D:3)
  6 bats
  A frilled lizard (D:1)
  15 kobolds
  8 rats
  2 river rat simulacra (Lair:2)
  A fungus (Lair:3)
  A plant (Lair:4)
410 creatures vanquished.

Vanquished Creatures (collateral kills)
  An orc priest (D:9)
1 creature vanquished.

Vanquished Creatures (others)
  A bush (Lair:3)
  18 fungi
  50 plants
69 creatures vanquished.

Grand Total: 480 creatures vanquished

Notes
Turn   | Place    | Note
-------+----------+-------------------------------------------
     0 | D:1      | thiscave3701365 the Minotaur Berserker began the quest for
                  | the Orb.
     0 | D:1      | Reached XP level 1. HP: 19/19 MP: 0/0
   226 | D:1      | Reached XP level 2. HP: 27/27 MP: 1/1
   356 | D:1      | Reached skill level 4 in Axes
   588 | D:1      | Found a faded altar of an unknown god.
  1183 | D:2      | Reached XP level 3. HP: 33/33 MP: 2/2
  1692 | D:2      | Reached ** piety under Trog
  1756 | D:2      | Found a broken altar of Ashenzari.
  2370 | D:3      | Reached XP level 4. HP: 37/41 MP: 3/3
  2544 | D:3      | Found a runed translucent gate.
  2559 | D:3      | Found a runed translucent gate.
  2748 | D:3      | Reached skill level 5 in Axes
  2842 | D:3      | Found a runed translucent gate.
  2876 | D:3      | Noticed nickcage's ghost (amateur DEAE)
  3181 | D:4      | Reached XP level 5. HP: 47/47 MP: 4/4
  3183 | D:4      | Noticed a phantom
  3248 | D:4      | Killed a phantom
  3249 | D:4      | Reached skill level 6 in Axes
  3269 | D:4      | Reached skill level 7 in Axes
  3642 | D:4      | Reached XP level 6. HP: 53/53 MP: 5/5
  4007 | D:4      | Found a staircase to the Ecumenical Temple.
  4299 | D:4      | Reached skill level 8 in Axes
  4301 | D:4      | Noticed Ijyb
  4329 | D:4      | Killed Ijyb
  4687 | D:4      | Reached skill level 9 in Axes
  4687 | D:4      | Reached XP level 7. HP: 60/60 MP: 6/6
  4877 | D:5      | Entered Level 5 of the Dungeon
  4877 | D:5      | Noticed Menkaure
  7031 | D:5      | Killed Menkaure
  7032 | D:5      | Reached skill level 10 in Axes
  7795 | D:5      | Noticed Grinder
  7795 | D:5      | Paralysed by Grinder for 6 turns
  8310 | D:5      | Killed Grinder
  8311 | D:5      | Reached skill level 11 in Axes
  8311 | D:5      | Reached XP level 8. HP: 67/67 MP: 7/7
  9490 | D:6      | Reached skill level 12 in Axes
 10119 | D:6      | Reached skill level 5 in Armour
 10353 | D:6      | Identified a scroll of acquirement
 10353 | D:6      | Acquired the +8 frozen axe "Frostbite" {freezing cloud,
                  | *Noise Fly rC+}
 10353 | D:6      | Found the +8 frozen axe "Frostbite" {freezing cloud, *Noise
                  | Fly rC+}
 10488 | D:7      | Found Poej's Elemental Accessories.
 10526 | D:7      | Found a sparkling altar of Nemelex Xobeh.
 10543 | D:7      | Reached XP level 9. HP: 67/73 MP: 8/8
 10615 | D:7      | You are sucked into a shaft and drop 2 floors!
 10680 | D:8      | Reached skill level 13 in Axes
 10681 | D:8      | Reached skill level 5 in Fighting
 11228 | D:8      | Noticed a two-headed ogre
 11232 | D:8      | Killed a two-headed ogre
 11233 | D:8      | Reached skill level 14 in Axes
 11327 | D:9      | Reached XP level 10. HP: 62/84 MP: 9/9
 11600 | D:9      | Reached *** piety under Trog
 11996 | D:9      | Found a runed translucent door.
 12000 | D:9      | Noticed reversiblehash's ghost (novice GnFi)
 12389 | D:9      | Reached skill level 15 in Axes
 13133 | D:9      | Noticed a seven-headed hydra
 13138 | D:9      | Killed a ten-headed hydra
 13492 | D:10     | Entered Level 10 of the Dungeon
 13493 | D:10     | Noticed Josephine
 13504 | D:10     | Killed Josephine
 13505 | D:10     | Reached skill level 16 in Axes
 13505 | D:10     | Reached skill level 10 in Armour
 13509 | D:10     | Reached XP level 11. HP: 94/94 MP: 10/10
 13583 | D:10     | Noticed Erica
 14491 | D:8      | Noticed a seven-headed hydra
 14498 | D:8      | Killed a ten-headed hydra
 14711 | D:3      | Killed nickcage's ghost
 14711 | D:3      | Reached **** piety under Trog
 14904 | D:10     | Killed Erica
 14998 | D:10     | Noticed Urug
 15009 | D:10     | Killed Urug
 15010 | D:10     | Reached skill level 17 in Axes
 15055 | D:10     | Noticed Nergalle
 15066 | D:10     | Killed Nergalle
 15155 | D:10     | Found a staircase to the Lair.
 15709 | D:11     | Noticed a tengu warrior
 15920 | D:11     | Killed a tengu warrior
 16035 | D:11     | Noticed a white ugly thing
 16043 | D:11     | Killed a white ugly thing
 16044 | D:11     | Reached skill level 18 in Axes
 16285 | D:11     | Reached XP level 12. HP: 106/106 MP: 11/11
 17018 | Lair:1   | Entered Level 1 of the Lair of Beasts
 17041 | Lair:1   | Reached skill level 10 in Fighting
 17160 | Lair:1   | Noticed Fannar
 17170 | Lair:1   | Killed Fannar
 17552 | Lair:1   | Noticed Joseph
 17561 | Lair:1   | Killed Joseph
 17607 | Lair:1   | Reached skill level 19 in Axes
 18203 | Lair:2   | Noticed a five-headed hydra
 18210 | Lair:2   | Killed an eight-headed hydra
 18340 | Lair:2   | Noticed a four-headed hydra
 18348 | Lair:2   | Killed a six-headed hydra
 18434 | Lair:2   | Reached skill level 1 in Stealth
 18487 | Lair:2   | Noticed a four-headed hydra
 18494 | Lair:2   | Killed a seven-headed hydra
 18607 | Lair:2   | Noticed a seven-headed hydra
 18614 | Lair:2   | Killed a nine-headed hydra
 18615 | Lair:2   | Reached skill level 20 in Axes
 18761 | Lair:2   | Found a staircase to the Swamp.
 18831 | Lair:2   | Reached XP level 13. HP: 93/116 MP: 12/12
 19245 | Lair:2   | You are sucked into a shaft and drop 1 floor!
 19459 | Lair:3   | Identified the ring "Juneag" {rPois MP+9}
 19528 | Lair:3   | Found a staircase to the Snake Pit.
 21026 | Lair:2   | Identified the +2 pair of gloves "Dethradghoan" {Rampage
                  | Regen+ MP+9 Str+4}
 21059 | Lair:2   | Identified the +8 mace of Gayrchemu {flame, rPois}
 21158 | Lair:3   | Reached skill level 21 in Axes
 21280 | Lair:3   | Reached ***** piety under Trog
 22063 | Lair:4   | Noticed Sonja
 22069 | Lair:4   | Killed Sonja
 22703 | Lair:4   | Noticed Nessos
 23140 | Lair:4   | HP: 1/119 [Nessos/arrow (14)]
 23140 | Lair:4   | Shot with an arrow by Nessos

Illustrated notes

Levels and vault maps discovered:
D:1:      minmay_arrival_floating_metal, layout_loops_corners,
          shapermc_ecumenical_altar_notcrosses, minivault_11
D:2:      layout_basic, basic_altar
D:3:      layout_basic, gammafunk_ghost_icy
D:4:      minmay_chambers_of_twos, layout_loops_cross,
          minmay_temple_entry_fiery, minmay_fractal_squares_5, uniq_ijyb
D:5:      layout_rooms, serial_bayou_lagoon_a, uniq_grinder, uniq_menkaure
D:6:      layout_loops_ring, grunt_decor_fettered, kennysheep_small_circle
D:7:      layout_loops_ring, mainiacjoe_overflow_small_starburst,
          nicolae_elemental_shop
D:8:      layout_rooms
D:9:      layout_stronghold, ebering_ghost_reflecting_pool
D:10:     layout_small_grid, erik_lair_island, uniq_urug, uniq_nergalle,
          uniq_josephine, uniq_erica
D:11:     layout_rooms, minivault_25_ag
Lair:1:   layout_roguey, grunt_megastairs_4, lemuel_fruit_tree, uniq_fannar,
          uniq_joseph
Lair:2:   layout_cave_pods, swamp_mist, eino_house_with_fridge,
          serial_bayou_shore_a, infiniplex_staircase_pool_2
Lair:3:   nzn_winding_woodlands_three_and_one
          [nzn_winding_woodlands_5x15_pathside_ponds,
          nzn_winding_woodlands_5x15_sawtooth,
          nzn_winding_woodlands_5x15_zeroes,
          nzn_winding_woodlands_center_diamonds], layout_chaotic_city,
          guppyfry_snake_entry_island
Lair:4:   layout_cave_pods, chequers_serial_rivers_micro_e, grunt_megastairs_3,
          uniq_sonja, uniq_nessos

Skill      XL: |  1  2  3  4  5  6  7  8  9 10 11 12 13 |
---------------+----------------------------------------+-----
Fighting       | 4 6 8 9 11 12 | 12.7
Axes           | 4 5 7 9 11 12 14 16 18 20 21 | 21.6
Armour         | 5 7 10 11 12 13 | 13.9
Stealth        | 1 |  1.2
Dodging        | |  2.9

Action                   |  1- 3 |  4- 6 |  7- 9 | 10-12 | 13-15 || total
-------------------------+-------+-------+-------+-------+-------++-------
Melee: Hand axe          |    75 |   119 |   113 |       |       ||   307
       Headbutt          |    10 |    17 |    36 |    49 |    27 ||   139
       Punch             |       |     2 |       |       |       ||     2
       Unarmed           |       |    15 |       |       |       ||    15
       Executioner's axe |       |       |    61 |   276 |   168 ||   505
Invok: Berserk           |     1 |     7 |    14 |    19 |     5 ||    46
  Use: Scroll            |       |       |    11 |    10 |     3 ||    24
       Potion            |       |       |       |       |     2 ||     2
Armor: Animal skin       |    11 |       |       |       |       ||    11
       Chain mail        |     4 |    48 |    44 |       |       ||    96
       Crystal plate arm |       |       |    42 |   237 |   123 ||   402
Dodge: Dodged            |    36 |    51 |    61 |   105 |    42 ||   295
